 Dungeon Crawl Stone Soup version 0.32-a0-699-g1ee5eff69a (webtiles) character file.

Game seed: 12818626920708515245

389 Azra the Shooter (level 7, -4/50 HPs)
             Began as a Formicid Hunter on Mar 13, 2024.
             Succumbed to a scorpion's poison
             ... on level 4 of the Dungeon.
             The game lasted 00:03:20 (2795 turns).

Azra the Shooter (Formicid Hunter)                  Turns: 2795, Time: 00:03:21

Health: -4/50      AC:  3    Str: 13 (15) XL:     7   Next: 7%
Magic:  7/7        EV: 11    Int:  6 (9)  God:
Gold:   101        SH:  0    Dex: 17 (19) Spells: 6/6 levels left

rFire   . . .        a - +0 shortbow
rCold   . . .        (no shield)
rNeg    . . .        c - +0 leather armour
rPois   .            (helmet unavailable)
rElec   .            (no cloak)
rCorr   .            (no gloves)
SInv    +            (no boots)
Will    .....        (no amulet)
Stlth   ++           (no ring)
HPRegen 0.28/turn    (no ring)
MPRegen 0.10/turn

%: no passive effects
@: mighty, lethally poisoned (-4 -> -23)
A: permanent stasis, dig shafts and tunnels, antennae 3, four strong arms
a: Dig, Shaft Self


You were on level 4 of the Dungeon.
You visited 1 branch of the dungeon, and saw 4 of its levels.

You collected 101 gold pieces.

Inventory:

Hand Weapons
 a - a +0 shortbow (weapon)
Armour
 c - a +0 leather armour (worn)
Jewellery
 k - a ring of ice
Wands
 n - a wand of mindburst (11)
Scrolls
 b - a scroll of butterflies
 l - a scroll of teleportation {unknown}
 o - a scroll of identify {unknown}
 p - 3 scrolls of poison {unknown}
Potions
 d - a potion of attraction {unknown}
 e - a potion of degeneration
 f - 2 potions of curing {unknown}
 g - a potion of might {@q3}
 h - a potion of resistance {unknown}
 i - a potion of magic {unknown}
 j - a potion of berserk rage {unknown}
 m - 2 potions of mutation {unknown}
 q - a potion of brilliance {unknown}


   Skills:
 - Level 2.1 Fighting
 + Level 7.9 Ranged Weapons
 - Level 1.7 Dodging
 - Level 1.2 Stealth


You had 6 spell levels left.
You didn't know any spells.
Your spell library contained the following spells:

 Spells                   Type           Power      Damage    Failure   Level
 Foxfire                  Conj/Fire      0%         2x1d4     54%         1
 Call Canine Familiar     Summ           0%         N/A       88%         3
 Sigil of Binding         Hex            0%         N/A       88%         3
 Dimensional Bullseye     Hex/Tloc       0%         N/A       99%         4
 Plasma Beam              Fire/Air       0%         2x1d10    100%        6
 Starburst                Conj/Fire      0%         6d3       100%        6


Dungeon Overview and Level Annotations

Branches:
Dungeon (4/15)
 Temple: D:4-7

Altars:

Annotations:
D:1 ignis


Innate Abilities, Weirdness & Mutations

You cannot be hasted, slowed, berserked, paralysed or teleported.
You can dig through walls and to a lower floor.
You have a pair of large antennae on your head. (SInv)
Your four strong arms can wield two-handed weapons with a shield.


Message History

You are too injured to fight recklessly!
You are too injured to fight recklessly!
You are too injured to fight recklessly!
You are too injured to fight recklessly!
You are too injured to fight recklessly!
You are too injured to fight recklessly!
You are too injured to fight recklessly!
You are too injured to fight recklessly!
You are too injured to fight recklessly!
You are too injured to fight recklessly!
You are too injured to fight recklessly!
You are too injured to fight recklessly!
You are too injured to fight recklessly!
You are too injured to fight recklessly!
You are too injured to fight recklessly!
You are too injured to fight recklessly!
You are too injured to fight recklessly!
You shoot an arrow. The arrow hits the scorpion.
The scorpion is lightly wounded.
You feel very sick. The scorpion stings you.
You are lethally poisoned!
The scorpion poisons you!
You shoot an arrow. The arrow hits the scorpion.
The scorpion is moderately wounded.
* * * LOW HITPOINT WARNING * * *
You feel extremely sick. The scorpion stings you.
* * * LOW HITPOINT WARNING * * *
It was a potion of might.
You feel very mighty all of a sudden.
* * * LOW HITPOINT WARNING * * *
You feel very sick. The scorpion stings you.
* * * LOW HITPOINT WARNING * * *
Unknown command.
It was a potion of degeneration.
There was something very wrong with that liquid.
You feel weakened.
You feel dopey.
You feel clumsy.
You die...

### #...# ..#
#.#.### #.#
#.#...###
#'#####.###...####
........# ##.....##
........# #.......##
........##..###....#
........##.. #..#.#
{ ........##.# ##@#
.. ........#.. #s#
... ........... .†#
..# .......... .#..
.. ....... .##.. .
.##### #. .... .# .
.... .# . ..... .#


You could see a scorpion.

Vanquished Creatures
  Sigmund (D:3)
  A jelly (D:4)
  An orc wizard (D:4)
  Terence (D:3)
  Robin (D:2)
  4 gnolls
  3 adders
  A ribbon worm (D:2)
  2 dart slugs (D:1)
  5 ball pythons
  A bat (D:1)
  9 endoplasms
  4 giant cockroaches (D:1)
  16 goblins
  4 hobgoblins
  4 jackals (D:2)
  A frilled lizard (D:1)
  4 kobolds (D:2)
  5 rats
68 creatures vanquished.

Notes
Turn   | Place    | Note
-------+----------+-------------------------------------------
     0 | D:1      | Azra the Formicid Hunter began the quest for the Orb.
     0 | D:1      | Reached XP level 1. HP: 16/16 MP: 1/1
    45 | D:1      | Reached XP level 2. HP: 22/22 MP: 2/2
   349 | D:1      | Reached XP level 3. HP: 27/27 MP: 3/3
   463 | D:1      | Reached skill level 5 in Ranged Weapons
   616 | D:1      | Found a faded altar of an unknown god.
   991 | D:2      | Reached XP level 4. HP: 33/33 MP: 4/4
  1230 | D:2      | Reached skill level 6 in Ranged Weapons
  1230 | D:2      | Reached XP level 5. HP: 38/38 MP: 5/5
  1743 | D:3      | Noticed Robin
  1818 | D:2      | Killed Robin
  1963 | D:3      | Noticed Terence
  1975 | D:3      | Killed Terence
  2270 | D:3      | Noticed Sigmund
  2284 | D:3      | Killed Sigmund
  2285 | D:3      | Reached skill level 7 in Ranged Weapons
  2285 | D:3      | Reached XP level 6. HP: 21/44 MP: 6/6
  2780 | D:4      | Reached XP level 7. HP: 50/50 MP: 7/7
  2794 | D:4      | HP: 1/50 [scorpion (4)]
  2795 | D:4      | Succumbed to a scorpion's poison

Illustrated notes

Levels and vault maps discovered:
D:1:      psy_arrival_fountain, layout_basic,
          shapermc_ecumenical_altar_mp_urbaneastern,
          minmay_misc_feat_four_crosses
D:2:      layout_basic
D:3:      layout_basic, uniq_sigmund, uniq_terence, uniq_robin
D:4:      layout_basic, fedhas_altar_2, mainiacjoe_overflow_brackets,
          minmay_temple_entry_enclosed_plants, minmay_ruptured

Skill      XL: |  1  2  3  4  5 |
---------------+----------------+-----
Ranged Weapons | 5 6 7 |  7.9
Fighting       | |  2.1
Dodging        | |  1.7
Stealth        | |  1.2

Action                     |  1- 3 |  4- 6 |  7- 9 || total
---------------------------+-------+-------+-------++-------
   Fire: Shortbow          |    92 |   132 |    14 ||   238
  Evoke: Wand              |       |     3 |       ||     3
    Use: Potion            |       |       |     2 ||     2
 Armour: Leather armour    |    10 |    66 |     8 ||    84
  Dodge: Dodged            |    10 |    51 |     8 ||    69

Table legend: (Time is in decaauts)
 A = Elapsed time spent in this place.
 B = Non-inter-level travel time spent in this place.
 C = Inter-level travel time spent in this place.
 D = Time resting spent in this place.
 E = Time spent auto-exploring this place.
 F = Levels seen in this place.
 G = Mean time per level.
                   A        B        C        D        E       F      G
               +--------+--------+--------+--------+--------+-----+--------+
         Total |   2828 |   2682 |    146 |    261 |   2004 |   4 |  707.0 |
       Dungeon |   2828 |   2682 |    146 |    261 |   2004 |   4 |  707.0 |
               +--------+--------+--------+--------+--------+-----+--------+

Top non-repeatable levels by time:
     D:2: 1029 daAuts
     D:3: 884 daAuts
     D:1: 833 daAuts
     D:4: 81 daAuts
